 Dungeon Crawl Stone Soup version 0.21-a0-361-g4efd3f9 (webtiles) character file.

42 tof the Caller (level 3, -1/26 HPs)
             Began as a Merfolk Summoner on Oct 13, 2017.
             Slain by a quokka (4 damage)
             ... on level 2 of the Dungeon.
             The game lasted 00:06:44 (2481 turns).

tof the Caller (Merfolk Summoner)                   Turns: 2481, Time: 00:06:44

Health: -1/26      AC:  2    Str:  8    XL:     3   Next: 54%
Magic:  5/6        EV: 14    Int: 14    God:
Gold:   62         SH:  0    Dex: 15    Spells: 3/6 levels left

rFire    . . .     SeeInvis .   i - +0 dagger
rCold    . . .     Gourm    .   (no shield)
rNeg     . . .     Faith    .   a - +0 robe
rPois    .         Spirit   .   (no helmet)
rElec    .         Reflect  .   (no cloak)
rCorr    .         Harm     .   (no gloves)
MR       .....                  (no boots)
Stlth    ++........             (no amulet)
HPRegen  0.08/turn              (no ring)
MPRegen  0.10/turn              (no ring)

@: no status effects
A: change form in water, swift swim, stealthy swim
a: no special abilities


You were on level 2 of the Dungeon.
You were hungry.

You visited 1 branch of the dungeon, and saw 2 of its levels.

You collected 62 gold pieces.

Inventory:

Hand Weapons
 i - a +0 dagger (weapon)
Armour
 a - a +0 robe (worn)
Jewellery
 m - an uncursed ring of positive energy {unknown}
Scrolls
 e - a scroll of blinking {unknown}
 h - a scroll of fog {unknown}
 j - a scroll of amnesia {unknown}
 k - 3 scrolls of identify {unknown}
 l - a scroll of magic mapping {unknown}
Potions
 g - a potion of resistance {unknown}
 p - a potion of lignification {unknown}
Books
 b - a book of Callings

   Spells                             Type                      Level
   a - Summon Small Mammal            Summoning                    1
   b - Call Imp                       Summoning                    2
   c - Call Canine Familiar           Summoning                    3
   d - Summon Guardian Golem          Hexes/Summoning              3
   e - Summon Lightning Spire         Summoning/Air                4
   f - Summon Ice Beast               Ice/Summoning                4
Comestibles
 c - 4 bread rations
 d - 4 royal jellies
 f - 2 meat rations
 n - a chunk of flesh
 o - 2 fruits


   Skills:
 + Level 1.2 Fighting
 * Level 3.7 Dodging
 - Level 2.1 Stealth
 + Level 2.4 Spellcasting
 + Level 4.2 Summonings


You had 3 spell levels left.
You knew the following spells:

 Your Spells              Type           Power        Failure   Level  Hunger
a - Summon Small Mammal   Summ           ##..         4%          1    #......
b - Call Imp              Summ           ##......     6%          2    ###....


Dungeon Overview and Level Annotations

Branches:
Dungeon (2/15)

Altars:

Annotations:
D:2 Robin


Message History

The hobgoblin no longer looks unusually strong.
The hobgoblin misses your crimson imp.
The quokka bites your crimson imp but does no damage.
Your crimson imp blinks!
Your crimson imp hits the hobgoblin but does no damage.
Your crimson imp barely misses the hobgoblin.
Your crimson imp hits the hobgoblin.
The hobgoblin dies!
There is a stone staircase leading down here.
Your crimson imp blinks!
Your crimson imp hits the quokka.
Your crimson imp blinks!
Your magical contamination has completely faded away.
The quokka twitches its whiskers.
The quokka bites you.
There is a stone staircase leading up here.
The quokka bites you.
* * * LOW HITPOINT WARNING * * *
The quokka bites you.
You die...

.##...###.##.###....#
##....# #.........#.#
#.#.#.###..#.###..#.#
..#..g.[...#.5.#....#
#.#.......r..#.##<###
#.#.####ยง#...#.#######
#.#.## #.#.###...5...#
.##..###...#########.#
##gr............@r...#
#.................####
)l###.............# ..#
#.............# ..#
#.............######
###
#..................##
##
##################..#
.#### ##.## ....## #..#


You could see a quokka.

Vanquished Creatures
  2 dart slugs
  8 goblins
  4 hobgoblins
  A frilled lizard (D:2)
  4 kobolds
  5 rats
24 creatures vanquished.

Vanquished Creatures (collateral kills)
  A bat (D:1)
  5 goblins (D:2)
  3 hobgoblins
  3 jackals (D:1)
  A quokka (D:2)
  A frilled lizard (D:2)
  A kobold (D:1)
15 creatures vanquished.

Vanquished Creatures (others)
  4 toadstools (D:1)
4 creatures vanquished.

Grand Total: 43 creatures vanquished

Notes
Turn   | Place    | Note
-------+----------+-------------------------------------------
     0 | D:1      | tof the Merfolk Summoner began the quest for the Orb.
     0 | D:1      | Reached XP level 1. HP: 13/13 MP: 3/3
   296 | D:1      | Reached XP level 2. HP: 20/20 MP: 5/5
  1587 | D:2      | Reached skill level 1 in Fighting
  1626 | D:2      | Reached XP level 3. HP: 25/26 MP: 6/6
  2050 | D:2      | Noticed Robin
  2281 | D:2      | Learned a level 2 spell: Call Imp
  2481 | D:2      | Slain by a quokka

Vault maps used:
D:1:      ldierk_water_garden
D:2:      minmay_parallelograms, chequers_big_river, uniq_natasha, uniq_robin

Skill      XL: |  1  2 |
---------------+-------+-----
Dodging        | 3 |  3.7
Fighting       | 1 |  1.2
Stealth        | |  2.1
Spellcasting   | |  2.4
Summonings     | |  4.2

Action                   || total
-------------------------++-------
Melee: Dagger            ||   110
 Cast: Summon Small Mamm ||    29
       Call Imp          ||     3
 Stab: Sleeping          ||     2
  Eat: Chunk             ||     5
Armor: Robe              ||    24
Dodge: Dodged            ||   118

Table legend:
 A = Spawn XP
 B = Non-spawn XP
 C = Spawn XP percentage of total XP
 D = Spawn monster count
 E = Non-spawn monster count
 F = Spawn count percentage of total count
 G = Total turns spent on level
                    A         B        C        D         E        F      G
               +---------+---------+-------+---------+---------+-------+---------
         Total |       0 |      60 |   0.0 |       0 |      39 |   0.0 |  2481
               +---------+---------+-------+---------+---------+-------+---------
           D:1 |       0 |      32 |   0.0 |       0 |      21 |   0.0 |  1642
           D:2 |       0 |      28 |   0.0 |       0 |      18 |   0.0 |   839
               +---------+---------+-------+---------+---------+-------+---------
